 Dungeon Crawl Stone Soup version 0.25-a0-598-gc9c9e4c (webtiles) character file.

Game seed: 11706910332893696350, levelgen mode: deterministic

110417 15 the Eclecticist (level 16, -11/92 HPs)
             Began as a Deep Elf Fire Elementalist on Mar 14, 2020.
             Was a High Priest of Vehumet.
             Mangled by a merfolk impaler
             ... wielding a +0 trident
              (14 damage)
             ... on level 1 of the Shoals on Mar 15, 2020.
             The game lasted 03:30:03 (29341 turns).

15 the Eclecticist (Deep Elf Fire Elementalist)    Turns: 29341, Time: 03:30:03

Health: -11/92     AC: 14    Str:  9    XL:     16   Next: 7%
Magic:  3/37       EV: 19    Int: 24    God:    Vehumet [*****.]
Gold:   404        SH: 10    Dex: 15    Spells: 4/45 levels left

rFire    . . .     SeeInvis +   H - +7 long sword "Lifebane" {freeze, rElec}
rCold    + . .     Gourm    .   n - +0 buckler
rNeg     . . .     Faith    .   i - +0 troll leather armour
rPois    +         Spirit   .   s - +1 helmet
rElec    +         Reflect  +   U - +2 cloak {rC+}
rCorr    .         Harm     .   f - +0 pair of gloves
MR       +....                  K - +2 pair of boots {run}
Stlth    ++........             b - +4 amulet of reflection
HPRegen  0.65/turn              q - ring of see invisible
MPRegen  0.25/turn              m - ring of poison resistance

@: about to teleport, very slightly contaminated, very slow
A: no striking features
a: Renounce Religion


You were on level 1 of the Shoals.
You worshipped Vehumet.
Vehumet was extremely pleased with you.
You were not hungry.

You visited 5 branches of the dungeon, and saw 25 of its levels.
You also visited: Ossuary and Ice Cave.

You collected 3130 gold pieces.
You spent 2726 gold pieces at shops.

Inventory:

Hand Weapons
 l - a +2 dagger of venom
 G - the +6 quarterstaff of Jagyuddo {vorpal, Str+6}
   (You found it on level 12 of the Dungeon)

   It inflicts extra damage upon your enemies.
   It affects your strength (+6).
 H - the +7 long sword "Lifebane" (weapon) {freeze, rElec}
   (You found it on level 2 of the Lair of Beasts)

   It has been specially enchanted to freeze those struck by it, causing extra
   injury to most foes and up to half again as much damage against particularly
   susceptible opponents.
   It can also slow down cold-blooded creatures.
   It insulates you from electricity.
Armour
 d - a scarf of cloud immunity
 f - a +0 pair of gloves (worn)
 i - a +0 troll leather armour (worn)
 n - a +0 buckler (worn)
 s - a +1 helmet (worn)
 E - the +8 ring mail of Nihilism {Str+4}
   (You found it on level 2 of the Lair of Beasts)

   It affects your strength (+4).
 K - a +2 pair of boots of running (worn)
 U - a +2 cloak of cold resistance (worn)
Magical Staves
 y - an uncursed staff of cold
 A - an uncursed staff of summoning
Jewellery
 b - a +4 amulet of reflection (around neck)
 g - an uncursed ring of protection from magic
 m - a ring of poison resistance (right hand)
 q - a ring of see invisible (left hand)
 T - an uncursed ring of ice
 X - an uncursed ring of resist corrosion
 Y - an uncursed ring of magical power
Wands
 v - a wand of flame (49)
 x - a wand of digging (13)
 L - a wand of paralysis (5)
 M - a wand of enslavement (8)
 R - a wand of iceblast (12)
Scrolls
 a - 5 scrolls of enchant weapon
 k - 7 scrolls of teleportation
 o - a scroll of holy word
 p - 9 scrolls of identify
 r - 7 scrolls of magic mapping
 u - 10 scrolls of remove curse
 D - 7 scrolls of enchant armour
 I - 3 scrolls of fear
 J - 2 scrolls of fog
 N - a scroll of brand weapon
 W - 2 scrolls of amnesia
Potions
 e - a potion of cancellation
 j - 25 potions of curing
 w - 2 potions of flight
 z - 5 potions of mutation
 B - 3 potions of resistance
 C - a potion of heal wounds
 O - 2 potions of haste
 P - 8 potions of brilliance
 S - a potion of lignification
 Z - 3 potions of ambrosia
Miscellaneous
 F - a lightning rod (inert)
 Q - a phantom mirror
 V - a crystal ball of energy
Comestibles
 c - 32 rations
 h - 5 chunks of flesh


   Skills:
 * Level 7.7 Fighting
 + Level 4.8(5.1) Short Blades
 + Level 2.0(3.4) Long Blades
 * Level 3.1 Armour
 * Level 11.3 Dodging
 + Level 5.3 Stealth
 * Level 8.0 Shields
 * Level 15.4 Spellcasting
 * Level 11.4 Conjurations
 + Level 1.9 Hexes
 * Level 10.8 Charms
 * Level 11.5 Fire Magic
 + Level 2.5 Ice Magic
 + Level 1.1 Air Magic
 * Level 8.7 Earth Magic
 + Level 0.1 Poison Magic
 * Level 9.4 Evocations


You had 4 spell levels left.
You knew the following spells:

 Your Spells              Type           Power        Failure   Level  Hunger
a - Foxfire               Conj/Fire      ####         1%          1    None
b - Inner Flame           Hex/Fire       ######..     1%          3    None
c - Conjure Flame         Conj/Fire      ######..     1%          3    None
d - Sticky Flame          Conj/Fire      ######..     1%          4    None
e - Fireball              Conj/Fire      ######....   1%          5    ##.....
f - Bolt of Magma         Conj/Fire/Erth ######....   1%          5    ##.....
g - Mephitic Cloud        Conj/Pois/Air  #####...     1%          3    None
h - Shroud of Golubria    Chrm/Tloc      #####.       1%          2    None
i - Frozen Ramparts       Ice            ####..       1%          3    None
j - Stone Arrow           Conj/Erth      ######       1%          3    None
k - Lee's Rapid Deconstr  Erth           ######....   1%          5    ##.....
l - Airstrike             Air            ###.......   7%          4    None

Your spell library contained the following spells:

 Spells                   Type           Power        Failure   Level  Hunger
 Starburst                Conj/Fire      ######....   1%          6    ####...
 Corona                   Hex            ####...      1%          1    None
 Freeze                   Ice            ####         1%          1    None
 Infusion                 Chrm           ####         1%          1    None
 Magic Dart               Conj           ####         1%          1    None
 Shock                    Conj/Air       ####         1%          1    None
 Song of Slaying          Chrm           ######..     1%          2    None
 Swiftness                Chrm/Air       #####...     1%          2    None
 Dazzling Flash           Conj/Hex       ######       1%          3    None
 Ozocubu's Armour         Chrm/Ice       ######..     1%          3    None
 Spectral Weapon          Hex/Chrm       #####...     1%          3    None
 Static Discharge         Conj/Air       #####...     1%          3    None
 Hailstorm                Conj/Ice       ######..     1%          4    None
 Ensorcelled Hibernation  Hex/Ice        ####..       2%          2    None
 Slow                     Hex            ####....     2%          2    None
 Beastly Appendage        Tmut           ###...       4%          1    None
 Confusing Touch          Hex            ####....     5%          3    None
 Tukima's Dance           Hex            ####....     5%          3    None
 Blink                    Tloc           N/A          6%          2    None
 Call Imp                 Summ           ###.....     6%          2    None
 Sticks to Snakes         Tmut           ###.....     6%          2    None
 Spider Form              Tmut/Pois      ###.......   12%         3    None
 Cause Fear               Hex            ####......   19%         4    None
 Ice Form                 Ice/Tmut       ###.....     24%         4    None
 Summon Ice Beast         Ice/Summ       ###.....     24%         4    None
 Iskenderun's Battlesphe  Conj/Chrm      ######..     1%          5    ##.....
 Lightning Bolt           Conj/Air       #####.....   2%          5    ##.....
 Iron Shot                Conj/Erth      ######....   2%          6    ####...
 Orb of Destruction       Conj           ######....   9%          7    ######.
 Yara's Violent Unravell  Hex/Tmut       ###.......   19%         5    ##.....
 Freezing Cloud           Conj/Ice/Air   #####.....   21%         6    ####...
 Metabolic Englaciation   Hex/Ice        ####......   41%         5    ##.....
 Ozocubu's Refrigeration  Ice            ####......   47%         6    ####...
 Deflect Missiles         Chrm/Air       #####.....   50%         6    ####...
 Silence                  Hex/Air        ####......   52%         5    ##.....
 Spellforged Servitor     Conj/Summ      #####.....   58%         7    ######.
 Blade Hands              Tmut           ###.......   75%         5    ##.....
 Simulacrum               Ice/Necr       ###.......   98%         6    ####...
 Discord                  Hex            ####......   100%        8    #######


Dungeon Overview and Level Annotations

Branches:
Dungeon (15/15)            Temple (1/1) D:6            Lair (6/6) D:11
 Shoals (1/4) Lair:2        Snake (0/4) Lair:4        Slime (0/5) Lair:6
    Orc (2/2) D:9             Elf (0/3) Orc:2        Vaults (0/5) D:14
 Depths (0/5) D:15        Ossuary (visited)           IceCv (visited)

Altars:
Ashenzari
Cheibriados
Dithmenos
Elyvilon
Fedhas
Gozag
Hepliaklqana
Kikubaaqudgha
Makhleb
Nemelex Xobeh
Okawaru
Qazlal
Ru
Sif Muna
Trog
Uskayaw
Vehumet
Wu Jian
Xom
Yredelemnul
Zin
The Shining One
Beogh
Jiyva

Shops:
D:4 [   D:7 ?   D:10 !   D:12 (   Orc:2 ?[}*

Portals:
Trove: D:10 (give +3 fire dragon scales)

Annotations:
D:12 2 transporters
Lair:2 3 runed translucent doors, flyleaff's ghost, journeyman GrEE


Message History

You slash the sea snake! You freeze the sea snake.
The sea snake is almost dead.
The merfolk impaler hits you from afar with a +0 trident!
* * * LOW HITPOINT WARNING * * *
The cyclops throws a large rock.
The large rock hits you!
* * * LOW HITPOINT WARNING * * *
As you read the scroll of fog, it crumbles to dust.
The scroll dissolves into smoke.
The merfolk impaler completely misses you.
You block the merfolk impaler's attack.
The cyclops throws a large rock.
The large rock hits you.
* * * LOW HITPOINT WARNING * * *
Unknown command.
You enter the shallow water.
Moving in this stuff is going to be slow.
You block the merfolk impaler's attack. The merfolk impaler closely misses you.
As you read the scroll of teleportation, it crumbles to dust.
You feel strangely unstable.
The merfolk impaler hits you from afar with a +0 trident!
You die...

≈≈≈≈≈≈≈≈≈ ≈≈≈≈≈≈≈≈≈≈≈≈≈≈≈≈≈≈≈≈≈≈
≈≈≈≈≈≈≈≈≈≈≈≈≈≈≈≈≈≈≈≈≈≈≈≈≈≈≈≈≈≈≈≈≈
≈≈≈≈≈≈≈≈≈≈≈≈≈≈≈≈≈≈≈≈..≈≈≈≈≈≈≈≈≈≈≈
≈≈≈≈≈≈≈≈≈≈≈≈≈≈≈≈≈≈≈....≈≈≈≈≈≈≈≈≈≈
P.≈≈≈≈≈≈≈≈≈≈≈≈≈≈≈≈≈.##..≈...≈≈.≈≈
#.P≈≈≈≈≈≈.≈≈≈≈≈≈≈≈≈.###.≈...≈≈..≈
#).P≈≈≈≈..≈≈≈≈≈§≈≈m§(...≈...≈≈≈≈(
#.P........≈≈≈≈≈§§S###..[......≈≈
.P..........≈≈≈≈@§§§###.....≈....
###...≈.....≈≈≈.§§§..##..........
###.......≈≈≈..##.....C.##..###
#.##...#..≈≈.####.).....##.#
#####>..##.....###...≈≈......##
##..........≈≈.....≈.≈≈..≈≈....#
......##...≈≈≈≈≈...≈≈≈≈≈≈≈≈..>.##
≈≈...###...≈≈≈≈≈≈≈≈≈≈≈..≈≈≈).....
≈≈≈........≈≈≈≈≈≈≈≈..≈≈≈≈≈≈≈..##.


You could see a merfolk impaler and a sea snake (paralysed).

Vanquished Creatures
  Nessos (D:13)
  Azrael (D:15)
  A dire elephant (D:15)
  Snorg (D:12)
  9 hydras
  Fannar (Lair:3)
  3 catoblepae (Lair:6)
  2 vault guards (D:14)
  A death knight (D:13)
  9 death yaks (Lair:6)
  An ogre mage (D:15)
  4 two-headed ogres (D:15)
  3 orc high priests (Orc:2)
  4 unseen horrors
  A sea snake (Shoals:1)
  6 skeletal warriors
  An orange crystal statue (D:11)
  Pikel (D:5)
  2 necromancers
  A wolf spider (D:15)
  5 orc knights
  An oklob plant (Lair:2)
  An orb spider (shapeshifter) (D:13)
  8 ugly things
  5 orc sorcerers
  5 cyclopes
  7 manticores
  2 black mambas
  2 water nymphs (Shoals:1)
  13 elephants
  7 spiny frogs
  2 merfolk sirens
  Joseph (D:7)
  An ice statue (IceCv)
  A gargoyle (D:12)
  A kobold demonologist (D:13)
  4 rime drakes
  A yaktaur (D:14)
  12 freezing wraiths
  3 efreet
  5 komodo dragons
  10 merfolk
  13 trolls
  A polar bear (Lair:3)
  2 wind drakes (Shoals:1)
  3 meliai (D:15)
  6 slime creatures
  A raiju (D:9)
  6 blink frogs
  15 hippogriffs
  The ghost of kuyyie the Poker, an amateur OpFi (D:5)
  Grinder (D:5)
  7 dream sheep (Lair:6)
  2 snapping turtles (Shoals:1)
  A vampire (D:12)
  A spriggan (shapeshifter) (D:15)
  3 water elementals (Shoals:1)
  A tarantella (shapeshifter) (D:14)
  2 fire elementals (D:15)
  A wraith (D:13)
  A golden eye (shapeshifter) (D:14)
  20 humans (D:14)
  4 wyverns
  Grum (D:11)
  58 yaks
  Menkaure (D:7)
  2 hungry ghosts
  A death yak simulacrum (IceCv)
  11 vampire mosquitoes
  7 basilisks
  3 wargs
  2 soldier ants
  2 acid dragons
  A naga (Lair:4)
  2 hell hounds (D:15)
  14 water moccasins
  7 porcupines
  3 slaves (D:5)
  9 ice beasts
  5 sky beasts
  2 black bears
  17 orc warriors
  An alligator simulacrum (IceCv)
  2 necrophages
  3 wolves (D:11)
  13 centaurs
  15 ogres
  2 eyes of draining
  8 crocodiles
  19 bullfrogs
  Blork the orc (D:5)
  2 elf zombies
  2 elf skeletons (D:5)
  2 wyvern skeletons
  A wyvern zombie (D:7)
  A water moccasin skeleton (D:11)
  9 scorpions
  19 killer bees
  2 troll zombies (D:9)
  18 wights
  A howler monkey (D:9)
  10 crimson imps
  3 centaur zombies
  2 bullfrog zombies
  A quasit (D:10)
  3 draconian simulacra (IceCv)
  9 hounds
  4 human zombies
  14 jellies
  3 bullfrog skeletons
  14 orc priests
  4 centaur skeletons
  A gnoll shaman (Orc:2)
  2 human skeletons (D:9)
  4 iguanas
  23 orc wizards
  7 worker ants
  3 troll simulacra (IceCv)
  4 spriggan simulacra (IceCv)
  A wolf simulacrum (IceCv)
  A polar bear simulacrum (IceCv)
  A big kobold zombie (Ossuary)
  2 centaur simulacra (IceCv)
  A hound skeleton (D:10)
  3 mummies
  A worker ant zombie (D:11)
  18 adders
  8 gnolls
  4 naga simulacra (IceCv)
  4 ogre simulacra (IceCv)
  3 shadow imps
  12 white imps (IceCv)
  An ooze (Lair:6)
  3 adder zombies
  A worm (D:3)
  4 adder skeletons
  A dart slug (D:3)
  5 leopard geckos
  75 orcs
  5 bats
  8 giant cockroaches
  9 goblins
  7 hobgoblins
  4 jackals (D:4)
  5 quokkas
  2 ball pythons (D:1)
  2 frilled lizards
  11 hobgoblin zombies (Ossuary)
  A jackal skeleton (D:6)
  3 jackal zombies (Ossuary)
  6 kobolds
  10 kobold zombies (Ossuary)
  A leopard gecko skeleton (D:7)
  2 orc skeletons (D:5)
  7 orc zombies (Ossuary)
  A quokka zombie (D:5)
  12 rats
  2 rat zombies (Ossuary)
  3 bushes (Lair:3)
  A fungus (Lair:6)
  6 plants
879 creatures vanquished.

Vanquished Creatures (collateral kills)
  3 dream sheep (Lair:6)
  A blink frog (Lair:6)
  An ogre (D:13)
  2 crocodiles (Lair:6)
  A fungus (Lair:6)
8 creatures vanquished.

Vanquished Creatures (others)
  A merfolk aquamancer (Shoals:1)
  A centaur warrior (D:13)
  A water elemental (Shoals:1)
  An ogre (Orc:1)
  A centaur (D:10)
  53 bushes
  1720 foxfires
  22 fungi
  15 plants
1815 creatures vanquished.

Grand Total: 2702 creatures vanquished

Notes
Turn   | Place    | Note
-------+----------+-------------------------------------------
     0 | D:1      | 15 the Deep Elf Fire Elementalist began the quest for the
                  | Orb.
     0 | D:1      | Reached XP level 1. HP: 10/10 MP: 6/6
   242 | D:1      | Reached XP level 2. HP: 12/15 MP: 4/8
   629 | D:2      | Reached XP level 3. HP: 19/19 MP: 3/10
   749 | D:2      | Reached skill level 4 in Spellcasting
   758 | D:2      | Learned a level 3 spell: Inner Flame
   762 | D:2      | Learned a level 3 spell: Conjure Flame
  1055 | D:3      | Reached XP level 4. HP: 24/24 MP: 7/12
  1175 | D:3      | Reached skill level 5 in Spellcasting
  1636 | D:3      | Reached skill level 1 in Shields
  1645 | D:3      | Found a shattered altar of Ashenzari.
  1647 | D:3      | Found a shimmering altar of Xom.
  1882 | D:3      | Reached XP level 5. HP: 28/28 MP: 11/14
  1969 | D:4      | Noticed an ogre
  2066 | D:4      | Learned a level 4 spell: Sticky Flame
  2221 | D:4      | Found Fawkeur's Armour Boutique.
  2624 | D:4      | Killed an ogre
  2624 | D:4      | Reached skill level 1 in Fighting
  2624 | D:4      | Reached XP level 6. HP: 34/34 MP: 1/16
  2631 | D:4      | Learned a level 5 spell: Fireball
  2743 | D:5      | Entered Level 5 of the Dungeon
  2912 | D:5      | Noticed a slave
  2912 | D:5      | Noticed a slave
  2977 | D:5      | Reached skill level 1 in Evocations
  3078 | D:5      | Reached XP level 7. HP: 20/38 MP: 12/17
  3083 | D:5      | Found a sand-covered staircase.
  3096 | D:5      | Reached skill level 1 in Short Blades
  3102 | Ossuary  | Entered an ossuary
  3736 | Ossuary  | Reached skill level 6 in Spellcasting
  4219 | D:5      | Noticed Blork the orc
  4247 | D:5      | Killed Blork the orc
  4404 | D:5      | Noticed Pikel
  4454 | D:5      | Killed Pikel
  4454 | D:5      | Reached skill level 7 in Spellcasting
  4454 | D:5      | Reached skill level 5 in Fire Magic
  4454 | D:5      | Reached XP level 8. HP: 45/45 MP: 8/20
  4559 | D:5      | Reached skill level 5 in Dodging
  4605 | D:5      | Found a runed translucent door.
  4605 | D:5      | Noticed kuyyie's ghost (amateur OpFi)
  4831 | D:5      | Noticed Grinder
  4837 | D:5      | Killed Grinder
  4837 | D:5      | Reached skill level 5 in Conjurations
  4856 | D:5      | Killed kuyyie's ghost
  4944 | D:5      | Reached XP level 9. HP: 44/49 MP: 22/22
  5100 | D:5      | Reached skill level 8 in Spellcasting
  6238 | D:6      | Found a staircase to the Ecumenical Temple.
  6384 | Temple   | Entered the Ecumenical Temple
  6455 | Temple   | Became a worshipper of Vehumet
  7440 | D:7      | Found Vuiliuho's Magic Scroll Boutique.
  7462 | D:7      | Bought a scroll of enchant armour for 75 gold pieces
  7462 | D:7      | Bought a scroll of identify for 20 gold pieces
  7462 | D:7      | Bought a scroll of identify for 20 gold pieces
  7462 | D:7      | Bought a scroll of amnesia for 35 gold pieces
  7462 | D:7      | Bought a scroll of remove curse for 30 gold pieces
  7462 | D:7      | Bought a scroll of identify for 20 gold pieces
  7471 | D:7      | Reached skill level 9 in Spellcasting
  7560 | D:7      | Noticed Menkaure
  7561 | D:7      | Killed Menkaure
  7772 | D:7      | Reached * piety under Vehumet
  7772 | D:7      | Offered knowledge of Sandblast by Vehumet.
  7775 | D:7      | Learned a level 1 spell: Sandblast
  8351 | D:7      | Reached XP level 10. HP: 53/56 MP: 21/25
  8394 | D:7      | Found an ornate altar of the Wu Jian Council.
  8416 | D:7      | Noticed Joseph
  8433 | D:7      | Killed Joseph
  8506 | D:7      | Found a snail-covered altar of Cheibriados.
  8652 | D:7      | Reached skill level 1 in Earth Magic
  9131 | D:8      | Found a burning altar of Makhleb.
  9792 | D:8      | Reached skill level 10 in Spellcasting
  9903 | D:9      | Found a sparkling altar of Nemelex Xobeh.
  9916 | D:9      | Found a staircase to the Orcish Mines.
  9921 | D:9      | Offered knowledge of Freeze by Vehumet.
  9924 | D:9      | Learned a level 1 spell: Freeze
  9945 | D:9      | Found an iron altar of Okawaru.
  9945 | D:9      | Found an ancient bone altar of Kikubaaqudgha.
  9955 | D:9      | Reached ** piety under Vehumet
 10044 | D:9      | Noticed an eight-headed hydra
 10236 | D:9      | Reached skill level 5 in Evocations
 10240 | D:9      | Learned a level 2 spell: Shroud of Golubria
 10253 | D:9      | Reached skill level 1 in Charms
 10431 | D:9      | Offered knowledge of Dazzling Flash by Vehumet.
 10436 | D:9      | Learned a level 3 spell: Dazzling Flash
 10582 | D:9      | Found a basalt altar of Yredelemnul.
 10620 | D:9      | Reached *** piety under Vehumet
 10775 | D:9      | Killed an eight-headed hydra
 10775 | D:9      | Reached XP level 11. HP: 16/61 MP: 18/27
 11378 | D:10     | Entered Level 10 of the Dungeon
 11436 | D:10     | Offered knowledge of Stone Arrow by Vehumet.
 11527 | D:10     | Learned a level 3 spell: Stone Arrow
 11811 | D:10     | Reached **** piety under Vehumet
 11850 | D:10     | Noticed an unseen horror
 11854 | D:10     | Killed an unseen horror
 11887 | D:10     | Found Guiziamp's Distillery.
 11905 | D:10     | Bought a potion of magic for 120 gold pieces
 11905 | D:10     | Bought a potion of haste for 150 gold pieces
 11905 | D:10     | Bought 2 potions of brilliance for 120 gold pieces
 11905 | D:10     | Bought a potion of curing for 45 gold pieces
 11905 | D:10     | Bought a potion of heal wounds for 75 gold pieces
 11905 | D:10     | Bought a potion of curing for 45 gold pieces
 11905 | D:10     | Bought a potion of brilliance for 60 gold pieces
 11990 | D:10     | Found a portal to a secret trove of treasure.
 12185 | D:11     | Offered knowledge of Bolt of Magma by Vehumet.
 12194 | D:10     | Learned a level 5 spell: Bolt of Magma
 12295 | D:11     | Reached skill level 11 in Spellcasting
 12552 | D:11     | Noticed Grum
 12566 | D:11     | Killed Grum
 12612 | D:11     | Found a staircase to the Lair.
 12633 | D:11     | Noticed an orange crystal statue
 12635 | D:11     | Reached skill level 5 in Shields
 12635 | D:11     | Noticed a two-headed ogre
 12682 | D:11     | Reached ***** piety under Vehumet
 12682 | D:11     | Reached skill level 5 in Fighting
 12690 | D:11     | Found an opulent altar of Gozag.
 12813 | D:11     | Offered knowledge of Conjure Ball Lightning by Vehumet.
 12822 | D:11     | Reached skill level 5 in Charms
 13204 | D:11     | Killed an orange crystal statue
 13311 | D:12     | Noticed a white ugly thing
 13320 | D:12     | Killed a white ugly thing
 13320 | D:12     | Reached XP level 12. HP: 10/66 MP: 23/29
 13445 | D:12     | Reached skill level 1 in Armour
 13451 | D:12     | Noticed an eight-headed hydra
 13460 | D:12     | Killed an eight-headed hydra
 13727 | D:12     | Reached skill level 12 in Spellcasting
 13814 | D:12     | Found Haumeoph's Antique Weapon Shoppe.
 13872 | D:12     | Found a transporter.
 13875 | D:12     | Found a transporter.
 13877 | D:12     | Noticed an ettin
 13878 | D:12     | Noticed a two-headed ogre
 13896 | D:12     | Noticed a six-headed hydra
 13906 | D:12     | Killed a six-headed hydra
 13936 | D:12     | Noticed Snorg
 13947 | D:12     | Killed Snorg
 13995 | D:12     | Found a frozen archway.
 14008 | IceCv    | Entered an ice cave
 14659 | IceCv    | Offered knowledge of Lee's Rapid Deconstruction by Vehumet.
 14673 | IceCv    | Learned a level 5 spell: Lee's Rapid Deconstruction
 14790 | IceCv    | Found an ancient bone altar of Kikubaaqudgha.
 14793 | IceCv    | Reached skill level 5 in Earth Magic
 14797 | IceCv    | Reached XP level 13. HP: 74/74 MP: 13/31
 15096 | IceCv    | Learned a level 3 spell: Frozen Ramparts
 15382 | D:12     | Got a twisted quarterstaff
 15427 | D:12     | Found a roughly hewn altar of Beogh.
 15751 | D:13     | Noticed Nessos
 15777 | D:13     | Killed Nessos
 15938 | D:13     | Learned a level 3 spell: Mephitic Cloud
 16281 | D:13     | Reached skill level 5 in Stealth
 16313 | D:13     | Offered knowledge of Lightning Bolt by Vehumet.
 16333 | D:13     | Reached skill level 10 in Fire Magic
 16848 | D:14     | Reached skill level 1 in Ice Magic
 16965 | D:14     | Found a gate to the Vaults.
 16995 | D:14     | Reached skill level 13 in Spellcasting
 17306 | D:14     | Upgraded the game from 0.25-a0-591-g2ad0d86 to
                  | 0.25-a0-598-gc9c9e4c
 18037 | D:15     | Entered Level 15 of the Dungeon
 18164 | D:15     | Noticed Azrael
 18177 | D:15     | Killed Azrael
 18177 | D:15     | Reached XP level 14. HP: 52/80 MP: 10/33
 18511 | D:15     | Reached skill level 10 in Conjurations
 19018 | D:15     | Reached skill level 10 in Dodging
 19367 | D:15     | HP: 3/80 [merfolk/+0 trident (9)]
 19850 | D:15     | Found a staircase to the Depths.
 20010 | Lair:1   | Entered Level 1 of the Lair of Beasts
 20858 | Lair:2   | Offered knowledge of Starburst by Vehumet.
 20876 | Lair:2   | Got a smoking long sword
 20877 | Lair:2   | Identified the +7 long sword "Lifebane" {freeze, rElec}
                  | (You found it on level 2 of the Lair of Beasts)
 21015 | Lair:2   | Found a staircase to the Shoals.
 21348 | D:4      | Bought a +2 pair of boots of running for 456 gold pieces
 21537 | Lair:2   | Found a runed translucent gate.
 21538 | Lair:2   | Found a runed translucent gate.
 21539 | Lair:2   | Found a runed translucent gate.
 21662 | Lair:2   | Got a scorched ring mail
 21673 | Lair:2   | Identified the +8 ring mail of Nihilism {Str+4} (You found
                  | it on level 2 of the Lair of Beasts)
 21720 | Lair:2   | Reached skill level 14 in Spellcasting
 21768 | Lair:2   | Noticed flyleaff's ghost (journeyman GrEE)
 22063 | Lair:3   | Reached skill level 1 in Long Blades
 22187 | Lair:3   | Identified the +6 quarterstaff of Jagyuddo {vorpal, Str+6}
                  | (You found it on level 12 of the Dungeon)
 22193 | Lair:3   | Learned a level 4 spell: Airstrike
 22635 | Lair:3   | Noticed Fannar
 22641 | Lair:3   | Killed Fannar
 23098 | Lair:4   | Found a staircase to the Snake Pit.
 23218 | Lair:4   | Reached XP level 15. HP: 86/86 MP: 12/35
 24248 | Lair:5   | Found a sparkling altar of Nemelex Xobeh.
 24849 | Lair:6   | Entered Level 6 of the Lair of Beasts
 24905 | Lair:6   | Offered knowledge of Starburst by Vehumet.
 25030 | Lair:6   | Identified the cursed +0 war axe of Jasaguto {venom,
                  | Fragile rC+ Dex+3} (You found it on level 6 of the Lair of
                  | Beasts)
 25089 | Lair:6   | Reached skill level 10 in Charms
 26239 | Lair:6   | Found a runed translucent door.
 26241 | Lair:6   | Found a viscous altar of Jiyva.
 26243 | Lair:6   | Found a staircase to the Slime Pits.
 26686 | Lair:6   | Reached skill level 1 in Hexes
 27609 | Orc:1    | Entered Level 1 of the Orcish Mines
 27618 | Orc:1    | Reached skill level 15 in Spellcasting
 27838 | Orc:2    | Entered Level 2 of the Orcish Mines
 27843 | Orc:2    | Reached ****** piety under Vehumet
 27870 | Orc:2    | Offered knowledge of Starburst by Vehumet.
 28003 | Orc:2    | Found a staircase to the Elven Halls.
 28414 | Orc:2    | Found Lackesog's Assorted Antiques.
 28497 | Orc:2    | Found Udwuom's Gadget Shop.
 28500 | Orc:2    | Bought a scroll labeled NAZICV SUEKK for 16 gold pieces
 28504 | Orc:2    | Bought a scroll of identify for 32 gold pieces
 28504 | Orc:2    | Bought a scroll of blinking for 120 gold pieces
 28504 | Orc:2    | Bought a potion of curing for 48 gold pieces
 28504 | Orc:2    | Bought a scroll of remove curse for 48 gold pieces
 28504 | Orc:2    | Bought 2 potions of resistance for 320 gold pieces
 28507 | Orc:2    | Found Igranenn's Armour Shop.
 28509 | Orc:2    | Found Qosmait's Magic Scroll Shoppe.
 28517 | Orc:2    | Bought a scroll of identify for 24 gold pieces
 28517 | Orc:2    | Bought a scroll of teleportation for 36 gold pieces
 28517 | Orc:2    | Bought a scroll of identify for 24 gold pieces
 28517 | Orc:2    | Bought a scroll of identify for 24 gold pieces
 28517 | Orc:2    | Bought a scroll of remove curse for 36 gold pieces
 28517 | Orc:2    | Bought a scroll of teleportation for 36 gold pieces
 28517 | Orc:2    | Bought a scroll of teleportation for 36 gold pieces
 28517 | Orc:2    | Bought a scroll of identify for 24 gold pieces
 28517 | Orc:2    | Bought a scroll of identify for 24 gold pieces
 28517 | Orc:2    | Bought a scroll of remove curse for 36 gold pieces
 28522 | Orc:2    | Bought a scarf of cloud immunity for 112 gold pieces
 28533 | Orc:2    | Bought a wand of iceblast (13) for 289 gold pieces
 28533 | Orc:2    | Bought a wand of enslavement (8) for 170 gold pieces
 28740 | Shoals:1 | Entered Level 1 of the Shoals
 29028 | Shoals:1 | Reached skill level 1 in Air Magic
 29028 | Shoals:1 | Reached XP level 16. HP: 57/92 MP: 22/37
 29339 | Shoals:1 | HP: 1/92 [cyclops/large rock (4)]
 29341 | Shoals:1 | Mangled by a merfolk impaler

Levels and vault maps discovered:
D:1:      ebering_trefoil_twist, layout_rooms
D:2:      layout_basic
D:3:      layout_basic, gammafunk_temple_overflow_pools,
          minmay_fractal_squares_5
D:4:      layout_basic, first_ration, serial_shops, nicolae_shop_trees
D:5:      minmay_evil_eye, layout_cave_pods, gammafunk_ghost_grave,
          nicolae_ossuary_entry_catacombs, uniq_blork_the_orc, uniq_grinder,
          uniq_pikel
D:6:      layout_basic, minmay_temple_entry_mist
D:7:      layout_loops_ring, kennysheep_little_box, kennysheep_mini,
          serial_shops, shop, grunt_tough_drop, uniq_joseph, uniq_menkaure
D:8:      layout_gridville, lemuel_round_altar
D:9:      layout_cave_pools, lemuel_mausoleum_altar_yredelemnul,
          lemuel_crystal_altar, gammafunk_temple_overflow_elements, orc_0_dummy,
          grunt_ogre_cave
D:10:     layout_rooms, serial_shops, shop_coins, nicolae_trove_entry_crossroad
D:11:     layout_rooms, lair_entry_dummy, minivault_15, grunt_gozag_statues,
          uniq_grum
D:12:     gammafunk_beogh_shrine, layout_rooms, serial_shops,
          nicolae_shop_overgrown_old_shop, portal_ice_cave_rime,
          grunt_ministairs_2, uniq_snorg
D:13:     layout_basic, nrook_pool_corridor, uniq_nessos
D:14:     layout_loops_corners, grunt_vaults_entry_tiered, minmay_hedge_maze
D:15:     hangedman_depths_entry_try_elsewhere_first, layout_stronghold,
          minmay_tree_intersection, minivault_16, grunt_decor_one_mirror,
          drop_trap, st_stairs_6, uniq_azrael
Temple:   nicolae_temple_god_jail
Lair:1:   layout_roguey, serial_bayou_pond_d
Lair:2:   layout_regular_city, elwin_shoals_entry_stream, gammafunk_ghost_split,
          minmay_lair_oklob_chamber, infiniplex_staircase_pool_2
Lair:3:   layout_gridlike, wad_woods_road_01, nicolae_lair_grove_arrangements,
          infiniplex_staircase_pool, serial_bayou_shore_a, uniq_fannar
Lair:4:   layout_roguey, guppyfry_snake_entry_garden, serial_bayou_shore_b
Lair:5:   layout_gridlike, basic_altar
Lair:6:   evilmike_catoblepas_cave, layout_regular_city, slime_altar_2
Shoals:1: layout_shoals
Orc:1:    layout_caves
Orc:2:    st_orc_elflike, layout_diamond_mine

Skill      XL: |  1  2  3  4  5  6  7  8  9 10 11 12 13 14 15 16 |
---------------+-------------------------------------------------+-----
Spellcasting   | 4 5 7 9 10 11 12 13 14 15 | 15.4
Fire Magic     | 4 5 6 7 8 9 10 11 | 11.5
Shields        | 1 2 3 4 5 6 7 8 |  8.0
Conjurations   | 2 3 4 5 6 7 8 9 10 11 | 11.4
Dodging        | 3 4 5 6 7 8 9 10 11 | 11.3
Fighting       | 1 2 3 4 5 6 7 |  7.7
Evocations     | 1 3 4 5 6 7 8 9 |  9.4
Short Blades   | 1 2 3 4 |  4.8
Stealth        | 3 4 5 |  5.3
Earth Magic    | 3 4 5 6 7 8 |  8.7
Charms         | 1 5 6 8 9 10 | 10.8
Armour         | 1 2 3 |  3.1
Ice Magic      | 2 |  2.5
Long Blades    | 1 2 |  2.0
Hexes          | 1 |  1.9
Air Magic      | 1 |  1.1
Poison Magic   | |  0.1

Action                   |  1- 3 |  4- 6 |  7- 9 | 10-12 | 13-15 | 16-18 || total
-------------------------+-------+-------+-------+-------+-------+-------++-------
Melee: Unarmed           |     4 |       |       |       |       |       ||     4
       Dagger            |     4 |    72 |   228 |   279 |   415 |       ||   998
       Short sword       |     2 |    61 |    94 |    72 |       |       ||   229
       Long sword        |       |       |       |       |   164 |    39 ||   203
 Cast: Foxfire           |    69 |    84 |   302 |   296 |   354 |    10 ||  1115
       Conjure Flame     |       |     3 |     4 |     2 |     4 |       ||    13
       Sticky Flame      |       |     1 |     8 |    23 |    31 |       ||    63
       Fireball          |       |       |     1 |    48 |    62 |       ||   111
       Sandblast         |       |       |       |    16 |       |       ||    16
       Freeze            |       |       |       |    10 |       |       ||    10
       Inner Flame       |       |       |       |     8 |    19 |       ||    27
       Shroud of Golubri |       |       |       |     2 |       |       ||     2
       Dazzling Flash    |       |       |       |     1 |       |       ||     1
       Stone Arrow       |       |       |       |    30 |    79 |     8 ||   117
       Bolt of Magma     |       |       |       |    72 |   168 |    11 ||   251
       Lee's Rapid Decon |       |       |       |     1 |    44 |       ||    45
       Frozen Ramparts   |       |       |       |       |    32 |       ||    32
       Mephitic Cloud    |       |       |       |       |    24 |       ||    24
       Airstrike         |       |       |       |       |    14 |     9 ||    23
Evoke: Wand              |       |       |     3 |    41 |    59 |     5 ||   108
       Sack of spiders   |       |       |       |       |     2 |       ||     2
       Crystal ball of e |       |       |       |       |    14 |       ||    14
       Lightning rod     |       |       |       |       |     5 |     3 ||     8
  Use: Scroll            |     4 |     2 |    13 |    15 |    13 |     3 ||    50
       Potion            |       |     3 |     3 |     9 |     3 |       ||    18
 Stab: Sleeping          |     1 |       |     5 |       |     4 |       ||    10
       Distracted        |       |       |     1 |       |       |       ||     1
       Paralysed         |       |       |       |    24 |     6 |     1 ||    31
       Confused          |       |       |       |       |     8 |       ||     8
  Eat: Chunk             |       |     7 |    14 |    29 |    48 |     2 ||   100
       Ration            |       |       |     1 |     3 |     5 |       ||     9
Armor: Robe              |     3 |     8 |    39 |    17 |       |       ||    67
       Skin              |       |       |    10 |     3 |       |       ||    13
       Troll leather arm |       |       |       |    28 |   106 |     3 ||   137
Dodge: Dodged            |     8 |   118 |   222 |   303 |   389 |    10 ||  1050
Block: Buckler           |     3 |    28 |    69 |   202 |   286 |    20 ||   608
       Reflection        |       |       |       |    14 |     7 |       ||    21
       Rpst.: Long sword |       |       |       |       |    27 |     1 ||    28

Table legend:
 A = Non-vault XP
 B = Vault XP
 C = Vault XP percentage of total XP
 D = Non-vault monster count
 E = Vault monster count
 F = Vault count percentage of total count
                 A         B        C        D         E       F
            +---------+---------+-------+---------+---------+-------
      Total |  108962 |   48777 |  30.9 |     639 |     238 |  27.1
            +---------+---------+-------+---------+---------+-------
        D:1 |      24 |       0 |   0.0 |      16 |       0 |   0.0
        D:2 |      65 |       0 |   0.0 |      18 |       0 |   0.0
        D:3 |      92 |      16 |  14.8 |      24 |       8 |  25.0
        D:4 |     271 |       0 |   0.0 |      15 |       0 |   0.0
        D:5 |     673 |    1607 |  70.5 |      15 |      11 |  42.3
        D:6 |    1535 |       0 |   0.0 |      33 |       0 |   0.0
        D:7 |    1096 |    1044 |  48.8 |      17 |       5 |  22.7
        D:8 |    1671 |       0 |   0.0 |      29 |       0 |   0.0
        D:9 |    3238 |     767 |  19.2 |      39 |      13 |  25.0
       D:10 |    2640 |       0 |   0.0 |      37 |       0 |   0.0
       D:11 |    5637 |    1248 |  18.1 |      53 |       5 |   8.6
       D:12 |    9518 |    2035 |  17.6 |      44 |       8 |  15.4
       D:13 |    8416 |    1315 |  13.5 |      37 |       1 |   2.6
       D:14 |    6567 |    6704 |  50.5 |      27 |      25 |  48.1
       D:15 |   16796 |    5268 |  23.9 |      35 |      10 |  22.2
     Lair:1 |    2109 |       0 |   0.0 |      13 |       0 |   0.0
     Lair:2 |    4948 |    1852 |  27.2 |      20 |       5 |  20.0
     Lair:3 |    2470 |     997 |  28.8 |      11 |       1 |   8.3
     Lair:4 |    7782 |     157 |   2.0 |      30 |       1 |   3.2
     Lair:5 |    2175 |       0 |   0.0 |      11 |       0 |   0.0
     Lair:6 |   17292 |   10998 |  38.9 |      47 |      27 |  36.5
   Shoals:1 |    9287 |       0 |   0.0 |      25 |       0 |   0.0
      Orc:1 |    3063 |       0 |   0.0 |      26 |       0 |   0.0
      Orc:2 |    1597 |    8227 |  83.7 |      17 |      25 |  59.5
    Ossuary |       0 |     194 | 100.0 |       0 |      39 | 100.0
      IceCv |       0 |    6348 | 100.0 |       0 |      54 | 100.0
            +---------+---------+-------+---------+---------+-------
